Match 46927943
Unlisted

Match 46927943
End
Scout Squad
Construct Weapon Support Center
M1919 Machine Gun Team
M1919 Machine Gun Team
Bazooka Squad
Selects Special Operations Battlegroup
Infantry Support Center
Selects Raiding Flares
M3 Armored Personnel Carrier
M3 Armored Personnel Carrier
Raiding Flares
Engineer Squad
Construct Tank Depot
Raiding Flares
Selects M29 Weasel Recon Vehicle
Selects Mark Vehicle
Selects UNKNOWN (2162291)
M4A1 Sherman Medium Tank
Raiding Flares
M4A1 Sherman Whizbang
Raiding Flares
Selects SSF Commando Squad
SSF Commando Squad
Engineer Squad
Engineer Squad
Selects Air Re-supply Operation
Raiding Flares
SSF Commando Squad
ShoulderGuyGuy
Urge to Merge
Give ma Life 4 Pakistannn
jaws2005
Ming Empire
Havoc
ETZUMD
General Rommel
0
0

Comments sign in to comment!

No comments posted yet!